 Dungeon Crawl Stone Soup version 0.21-a0-127-g329daca (webtiles) character file.

87 Ordine the Magician (level 4, -3/24 HPs)
             Began as a Deep Elf Wizard on July 16, 2017.
             Killed by nerve-wracking pain
             ... invoked by Grinder
              (12 damage)
             ... on level 3 of the Dungeon.
             The game lasted 00:10:57 (2495 turns).

Ordine the Magician (Deep Elf Wizard)               Turns: 2495, Time: 00:10:58

Health: -3/24      AC:  3    Str:  4    XL:     4   Next: 28%
Magic:  0/13       EV: 13    Int: 24    God:
Gold:   201        SH:  0    Dex: 13    Spells: 2/13 levels left

rFire    . . .     SeeInvis +   q - +0 quarterstaff
rCold    . . .     Gourm    .   (shield currently unavailable)
rNeg     . . .     Faith    .   a - +0 robe
rPois    .         Spirit   .   n - +0 helmet
rElec    .         Reflect  .   (no cloak)
rCorr    .         Harm     .   (no gloves)
MR       .....                  (no boots)
Stlth    ++........             (no amulet)
HPRegen  0.08/turn              f - ring of see invisible
MPRegen  0.13/turn              (no ring)

@: no status effects
A: no striking features
a: no special abilities


You were on level 3 of the Dungeon.
You were hungry.

You visited 1 branch of the dungeon, and saw 3 of its levels.

You collected 201 gold pieces.

Inventory:

Hand Weapons
 q - a +0 quarterstaff (weapon)
Armour
 a - a +0 robe (worn)
 n - a +0 helmet (worn)
Jewellery
 f - a ring of see invisible (left hand)
Scrolls
 b - a scroll of magic mapping
 g - 3 scrolls of remove curse
 j - a scroll of blinking
 k - 2 scrolls of amnesia
 l - 2 scrolls of enchant armour
 r - a scroll of identify
Potions
 e - a potion of berserk rage
 h - 2 potions of might {unknown}
 m - a potion of brilliance {unknown}
 s - a potion of lignification
Books
 c - a book of Minor Magic

   Spells                             Type                      Level
   a - Magic Dart                     Conjuration                  1
   b - Blink                          Translocation                2
   c - Call Imp                       Summoning                    2
   d - Slow                           Hexes                        2
   e - Conjure Flame                  Conjuration/Fire             3
   f - Mephitic Cloud                 Conjuration/Poison/Air       3
Comestibles
 d - 2 bread rations
 i - 3 fruits
 p - 2 meat rations
 t - a royal jelly


   Skills:
 - Level 3.0 Dodging
 - Level 3.0 Stealth
 + Level 5.0 Spellcasting
 + Level 2.4 Conjurations
 + Level 1.5 Summonings
 + Level 1.8 Translocations
 + Level 0.4 Fire Magic
 + Level 0.2 Air Magic
 + Level 0.2 Poison Magic


You had 2 spell levels left.
You knew the following spells:

 Your Spells              Type           Power        Failure   Level  Hunger
a - Magic Dart            Conj           ###.         3%          1    None
b - Blink                 Tloc           N/A          6%          2    None
c - Call Imp              Summ           ##......     7%          2    None
d - Conjure Flame         Conj/Fire      ##......     14%         3    ##.....
e - Mephitic Cloud        Conj/Pois/Air  ##......     19%         3    ##.....


Dungeon Overview and Level Annotations

Branches:
Dungeon (3/15)

Altars:
Qazlal

Annotations:
D:3 Grinder


Message History

Aim: Grinder (almost dead)
The magic dart hits Grinder.
Grinder is almost dead.
Casting: Magic Dart
Confirm with . or Enter, or press ? or * to list all spells.
Aiming: Magic Dart
Press: ? - help, Shift-Dir - straight line, f/p - Grinder
Aim: Grinder (almost dead)
The magic dart hits Grinder.
Grinder is almost dead.
Casting: Magic Dart
Confirm with . or Enter, or press ? or * to list all spells.
You don't have enough magic to cast that spell.
Unknown command.
You hit Grinder.
Grinder is almost dead.
Grinder gestures at you. Pain shoots through your body!
Ouch! That really hurt!
You die...

#########
#########........
#..............#
#.#######.####.# #.#
#.# #.# #.#
##.####.###.### #.#
#.5..5........# #.#
###..####.###.#.### #.#
##.....@5...........
##.###<....####....>#.#
#..........## ####..#
##[##(#....... ..... ##
#..##.......... .##..#
.######>.##...##### .#
.# ...####..##.#.# .# #
.......##...#... ..
.....#.##.####### ..


You could see Grinder.

Vanquished Creatures
  2 adders (D:3)
  A dart slug (D:2)
  A leopard gecko (D:1)
  6 bats
  2 giant cockroaches
  5 hobgoblins
  6 kobolds
  A quokka (D:3)
  2 ball pythons
  3 frilled lizards
  2 goblins
  4 rats
35 creatures vanquished.

Vanquished Creatures (collateral kills)
  Terence (D:3)
  An adder (D:2)
  A worm (D:3)
  A leopard gecko (D:2)
  A bat (D:3)
  A hobgoblin (D:2)
6 creatures vanquished.

Grand Total: 41 creatures vanquished

Notes
Turn   | Place    | Note
-------+----------+-------------------------------------------
     0 | D:1      | Ordine the Deep Elf Wizard began the quest for the Orb.
     0 | D:1      | Reached XP level 1. HP: 10/10 MP: 7/7
   160 | D:1      | Reached XP level 2. HP: 15/15 MP: 0/9
   238 | D:1      | Learned a level 2 spell: Blink
   241 | D:1      | Learned a level 2 spell: Call Imp
   732 | D:2      | Reached XP level 3. HP: 19/19 MP: 9/11
   737 | D:2      | Learned a level 3 spell: Conjure Flame
   741 | D:2      | Learned a level 3 spell: Mephitic Cloud
   799 | D:2      | Found a stormy altar of Qazlal.
  1307 | D:3      | Reached skill level 5 in Spellcasting
  1905 | D:3      | Noticed Terence
  1948 | D:3      | Killed Terence
  1948 | D:3      | Reached XP level 4. HP: 3/24 MP: 1/13
  2243 | D:3      | Noticed Grinder
  2495 | D:3      | Killed from afar by Grinder

Vault maps used:
D:1:      dpeg_arrival_rooms_b
D:2:      nicolae_qazlal_general_emergency
D:3:      nicolae_dithmenos_through_a_glass_darkly, minitemple, st_stairs_7,
          due_unseen_surprise, uniq_grinder, uniq_terence

Skill      XL: |  1  2  3 |
---------------+----------+-----
Conjurations   | 2 |  2.4
Dodging        | 3 |  3.0
Stealth        | 3 |  3.0
Spellcasting   | 5 |  5.0
Summonings     | |  1.5
Translocations | |  1.8
Fire Magic     | |  0.4
Air Magic      | |  0.2
Poison Magic   | |  0.2

Action                   |  1- 3 |  4- 6 || total
-------------------------+-------+-------++-------
Melee: Unarmed           |     1 |       ||     1
       Short sword       |     2 |       ||     2
       Quarterstaff      |     2 |     1 ||     3
 Cast: Magic Dart        |    83 |    12 ||    95
       Call Imp          |    18 |     9 ||    27
       Blink             |       |     1 ||     1
  Use: Scroll            |     9 |       ||     9
       Potion            |       |     1 ||     1
  Eat: Chunk             |     3 |     1 ||     4
Armor: Robe              |     5 |       ||     5
Dodge: Dodged            |    29 |       ||    29
